FSL
LAKELAND FLYING TIGERS @ ST. LUCIE METS
08/14/2099
 
TOP OF THE 1ST
Lakeland Flying Tigers batting - Pitching for St. Lucie Mets : RHP Pete Nesby
Pitching: RHP Pete Nesby
Batting: LHB Ron Devers 0-0: Called Strike
0-1: Reached on error, E8 (Flyball, 8LM, EV 98.8 MPH)
Batting: RHB Adam Anderson 0-0: Ball
1-0: Called Strike
1-1: Ball
2-1: Swinging Strike
2-2: Strikes out looking
Batting: LHB Steve Diamond 0-0: Ball
1-0: Called Strike
1-1: Swinging Strike
1-2: Foul Ball, location: 7LMF
1-2: Ball
2-2: Foul Ball, location: 7LSF
2-2: Ball
3-2: Strikes out swinging
Batting: LHB Bill Lawlor 0-0: Ball
1-0: Called Strike
1-1: Ball
2-1: Foul Ball, location: 7LSF
2-2: Strikes out swinging
Top of the 1st over - 0 runs, 0 hits, 1 error, 1 left on base; Lakeland 0 - St. Lucie 0
BOTTOM OF THE 1ST
St. Lucie Mets batting - Pitching for Lakeland Flying Tigers : RHP Dan Hoskins
Pitching: RHP Dan Hoskins
Batting: RHB Ray Partipilo 0-0: Swinging Strike
0-1: Foul Ball, location: 25F
0-2: Foul Ball, location: 2F
0-2: Ball
1-2: Ball
2-2: Strikes out swinging
Batting: LHB Victor Vargas 0-0: Swinging Strike
0-1: Ball
1-1: Called Strike
1-2: Ground out U3 (Groundball, 34, EV 102.5 MPH)
Batting: RHB Ethan Robinson 0-0: Called Strike
0-1: Ball
1-1: Called Strike
1-2: Ground out 4-3 (Groundball, 34, EV 105.0 MPH)
Bottom of the 1st over - 0 runs, 0 hits, 0 errors, 0 left on base; Lakeland 0 - St. Lucie 0
TOP OF THE 2ND
Lakeland Flying Tigers batting - Pitching for St. Lucie Mets : RHP Pete Nesby
Batting: RHB Jason Ley 0-0: Ball
1-0: Ball
2-0: Ball
3-0: Called Strike
3-1: Foul Ball, location: 5DF
3-2: Ground out 5-3 (Groundball, 56, EV 78.8 MPH)
Batting: RHB Fulvio Sartoretti 0-0: Called Strike
0-1: Ball
1-1: Foul Ball, location: 5F
1-2: Ball
2-2: Ball
3-2: Strikes out looking
Batting: RHB Jay Burdis 0-0: Ball
1-0: Called Strike
1-1: Called Strike
1-2: Strikes out swinging
Top of the 2nd over - 0 runs, 0 hits, 0 errors, 0 left on base; Lakeland 0 - St. Lucie 0
BOTTOM OF THE 2ND
St. Lucie Mets batting - Pitching for Lakeland Flying Tigers : RHP Dan Hoskins
Batting: LHB Jamie Heath 0-0: Called Strike
0-1: Ball
1-1: Foul Ball, location: 3FF
1-2: Fly out, F4 (Popup, 4, EV 77.5 MPH)
Batting: RHB Craig Dennison 0-0: Ball
1-0: Foul Ball, location: 9LMF
1-1: Fly out, F9 (Flyball, 9, EV 83.8 MPH)
Batting: RHB Ron Ferrero 0-0: Called Strike
0-1: Ball
1-1: SINGLE (Groundball, 4MD, EV 97.5 MPH)
Batting: RHB John Pennell 0-0: Foul Ball, location: 2F
0-1: Ball
1-1: Foul Ball, location: 25FF
1-2: Fielders Choice at 2nd, 6-4 (Groundball, 4M, EV 86.3 MPH)
Bottom of the 2nd over - 0 runs, 1 hit, 0 errors, 1 left on base; Lakeland 0 - St. Lucie 0
TOP OF THE 3RD
Lakeland Flying Tigers batting - Pitching for St. Lucie Mets : RHP Pete Nesby
Batting: LHB Alex Pacheco 0-0: Ball
1-0: Called Strike
1-1: Foul Ball, location: 2F
1-2: Fly out, F8 (Flyball, 8LXD, EV 96.9 MPH)
Batting: RHB Chris Bowman 0-0: Ball
1-0: Ball
2-0: Called Strike
2-1: Fly out, F5 (Popup, 56S, EV 77.5 MPH)
Batting: LHB Ron Devers 0-0: Ball
1-0: Foul Ball, location: 2F
1-1: Foul Ball, location: 2F
1-2: Foul Ball, location: 3FF
1-2: Ball
2-2: Ball
3-2: Ground out 4-3 (Groundball, 4, EV 85.6 MPH)
Top of the 3rd over - 0 runs, 0 hits, 0 errors, 0 left on base; Lakeland 0 - St. Lucie 0
BOTTOM OF THE 3RD
St. Lucie Mets batting - Pitching for Lakeland Flying Tigers : RHP Dan Hoskins
Batting: RHB Luis Medina 0-0: Ball
1-0: Ball
2-0: Foul Ball, location: 5FF
2-1: Foul Ball, location: 5FF
2-2: Foul Ball, location: 3SF
2-2: Foul Ball, location: 2F
2-2: Ball
3-2: Fly out, F7 (Flyball, 7, EV 84.4 MPH)
Batting: RHB Willie Alfonso 0-0: Ball
1-0: Ball
2-0: Swinging Strike
2-1: Swinging Strike
2-2: Strikes out swinging
Batting: RHB Ray Partipilo 0-0: Ball
1-0: Foul Ball, location: 3FF
1-1: Foul Ball, location: 3F
1-2: Fly out, F9 (Flyball, 89M, EV 96.3 MPH)
Bottom of the 3rd over - 0 runs, 0 hits, 0 errors, 0 left on base; Lakeland 0 - St. Lucie 0
TOP OF THE 4TH
Lakeland Flying Tigers batting - Pitching for St. Lucie Mets : RHP Pete Nesby
Batting: RHB Adam Anderson 0-0: Called Strike
0-1: Foul Ball, location: 2F
0-2: Ball
1-2: Fly out, F3 (Popup, 3F, EV 71.9 MPH)
Batting: LHB Steve Diamond 0-0: Ball
1-0: Swinging Strike
1-1: Ground out 6-3 (Groundball, 6S, EV 85.0 MPH)
Batting: LHB Bill Lawlor 0-0: Fly out, F8 (Flyball, 8LS, EV 91.3 MPH)
Top of the 4th over - 0 runs, 0 hits, 0 errors, 0 left on base; Lakeland 0 - St. Lucie 0
BOTTOM OF THE 4TH
St. Lucie Mets batting - Pitching for Lakeland Flying Tigers : RHP Dan Hoskins
Batting: LHB Victor Vargas 0-0: Fly out, F6 (Popup, 6M, EV 66.3 MPH)
Batting: RHB Ethan Robinson 0-0: Ball
1-0: Foul Ball, location: 5F
1-1: Ball
2-1: Fly out, F3 (Popup, 3SF, EV 71.9 MPH)
Batting: LHB Jamie Heath 0-0: SINGLE (Groundball, 6M, EV 106.9 MPH) (infield hit)
Batting: RHB Craig Dennison 0-0: Called Strike
0-1: Ball
1-1: Fly out, F8 (Flyball, 8LM, EV 95.6 MPH)
Bottom of the 4th over - 0 runs, 1 hit, 0 errors, 1 left on base; Lakeland 0 - St. Lucie 0
TOP OF THE 5TH
Lakeland Flying Tigers batting - Pitching for St. Lucie Mets : RHP Pete Nesby
Batting: RHB Jason Ley 0-0: Ground out 5-3 (Groundball, 5L, EV 100.0 MPH)
Batting: RHB Fulvio Sartoretti 0-0: Ground out 5-3 (Groundball, 56, EV 105.6 MPH)
Batting: RHB Jay Burdis 0-0: Ball
1-0: Ball
2-0: Foul Ball, location: 2F
2-1: Ball
3-1: Base on Balls
Batting: LHB Alex Pacheco 0-0: Ball
1-0: Called Strike
1-1: Foul Ball, location: 2F
1-2: Fly out, F6 (Popup, 5D, EV 73.8 MPH)
Top of the 5th over - 0 runs, 0 hits, 0 errors, 1 left on base; Lakeland 0 - St. Lucie 0
BOTTOM OF THE 5TH
St. Lucie Mets batting - Pitching for Lakeland Flying Tigers : RHP Dan Hoskins
Batting: RHB Ron Ferrero 0-0: Ball
1-0: SINGLE (Line Drive, 6M, EV 98.8 MPH)
Batting: RHB John Pennell 0-0: Called Strike
0-1: Ball
1-1: Foul Ball, location: 2F
1-2: Grounds into double play, U6-3 (Groundball, 4MS, EV 85.0 MPH)
Batting: RHB Luis Medina 0-0: Foul Ball, location: 9LMF
0-1: Ball
1-1: Foul Ball, location: 23F
1-2: Fly out, F8 (Flyball, 8LXD, EV 88.8 MPH)
Bottom of the 5th over - 0 runs, 1 hit, 0 errors, 0 left on base; Lakeland 0 - St. Lucie 0
TOP OF THE 6TH
Lakeland Flying Tigers batting - Pitching for St. Lucie Mets : RHP Pete Nesby
Batting: RHB Chris Bowman 0-0: Ball
1-0: Foul Ball, location: 2F
1-1: Foul Ball, location: 3F
1-2: Strikes out swinging
Batting: LHB Ron Devers 0-0: Foul Ball, location: 2F
0-1: Ground out U3 (Groundball, 3, EV 104.4 MPH)
Batting: RHB Adam Anderson 0-0: Ball
1-0: Foul Ball, location: 5DF
1-1: Foul Ball, location: 5FF
1-2: SINGLE (Line Drive, 3D, EV 105.0 MPH)
Batting: LHB Steve Diamond 0-0: Called Strike
0-1: Ball
1-1: Swinging Strike
1-2: Strikes out looking
Top of the 6th over - 0 runs, 1 hit, 0 errors, 1 left on base; Lakeland 0 - St. Lucie 0
BOTTOM OF THE 6TH
St. Lucie Mets batting - Pitching for Lakeland Flying Tigers : RHP Dan Hoskins
Batting: RHB Willie Alfonso 0-0: Ball
1-0: Foul Ball, location: 3F
1-1: Foul Ball, location: 2RF
1-2: Strikes out swinging
Batting: RHB Ray Partipilo 0-0: Foul Ball, location: 2F
0-1: Swinging Strike
0-2: Foul Ball, location: 2F
0-2: Ball
1-2: Foul Ball, location: 2F
1-2: Strikes out looking
Batting: LHB Victor Vargas 0-0: Foul Ball, location: 5SF
0-1: Ball
1-1: Ball
2-1: Foul Ball, location: 2F
2-2: Ball
3-2: Ground out 6-3 (Groundball, 6, EV 81.9 MPH)
Bottom of the 6th over - 0 runs, 0 hits, 0 errors, 0 left on base; Lakeland 0 - St. Lucie 0
TOP OF THE 7TH
Lakeland Flying Tigers batting - Pitching for St. Lucie Mets : RHP Pete Nesby
Batting: LHB Bill Lawlor 0-0: Ball
1-0: Called Strike
1-1: Ball
2-1: Called Strike
2-2: Strikes out swinging
Batting: RHB Jason Ley 0-0: Called Strike
0-1: Swinging Strike
0-2: Strikes out swinging
Batting: RHB Fulvio Sartoretti 0-0: Called Strike
0-1: Ball
1-1: Ball
2-1: Ball
3-1: Foul Ball, location: 9LMF
3-2: Foul Ball, location: 3DF
3-2: Strikes out looking
Top of the 7th over - 0 runs, 0 hits, 0 errors, 0 left on base; Lakeland 0 - St. Lucie 0
BOTTOM OF THE 7TH
St. Lucie Mets batting - Pitching for Lakeland Flying Tigers : RHP Dan Hoskins
Batting: RHB Ethan Robinson 0-0: Ball
1-0: Fly out, F8 (Flyball, 8LXD, EV 110.6 MPH)
Batting: LHB Jamie Heath 0-0: DOUBLE (Flyball, 8LXD, EV 93.1 MPH)
Batting: RHB Craig Dennison 0-0: Fly out, F9 (Flyball, 9D, EV 96.3 MPH)
Runner from 2nd tags up, SAFE at 3rd, no throw by RF
Pinch Hitting: LHB Jon Chavez 0-0: Ball
1-0: Ball
2-0: Called Strike
2-1: Ball
3-1: Base on Balls
Batting: RHB John Pennell 0-0: Ball
1-0: Ball
2-0: Foul Ball, location: 2F
2-1: Called Strike
2-2: Ball
3-2: Base on Balls
Jon Chavez to second
Pinch Hitting: LHB Jake Guzzo 0-0: Ball
1-0: Ball
2-0: Ball
3-0: Called Strike
3-1: Ground out 4-3 (Groundball, 34, EV 95.6 MPH)
Bottom of the 7th over - 0 runs, 1 hit, 0 errors, 3 left on base; Lakeland 0 - St. Lucie 0
TOP OF THE 8TH
Lakeland Flying Tigers batting - Pitching for St. Lucie Mets : RHP Pete Nesby
Now at 1B: Tony Galicia
Now at 2B: Pat Allis
Now at SS: Craig Dennison
Batting: RHB Jay Burdis 0-0: Called Strike
0-1: Ball
1-1: Ground out 6-3 (Groundball, 6MS, EV 88.8 MPH)
Batting: LHB Alex Pacheco 0-0: Called Strike
0-1: Called Strike
0-2: Ball
1-2: Ball
2-2: Ball
3-2: Strikes out swinging
Batting: RHB Chris Bowman 0-0: Called Strike
0-1: Ball
1-1: Ball
2-1: SINGLE (Flyball, 6MD, EV 87.5 MPH)
Batting: LHB Ron Devers 0-0: Ball
1-0: Ball
2-0: Swinging Strike
2-1: Foul Ball, location: 7LMF
2-2: Foul Ball, location: 3SF
2-2: Foul Ball, location: 9LSF
2-2: Foul Ball, location: 3SF
Balk!
Chris Bowman to second
2-2: Fly out, F7 (Flyball, 78M, EV 88.8 MPH)
Top of the 8th over - 0 runs, 1 hit, 0 errors, 1 left on base; Lakeland 0 - St. Lucie 0
BOTTOM OF THE 8TH
St. Lucie Mets batting - Pitching for Lakeland Flying Tigers : RHP Dan Hoskins
Pinch Hitting: LHB Bret Robertson 0-0: Foul Ball, location: 5F
0-1: Swinging Strike
0-2: Ball
1-2: Strikes out swinging
Batting: RHB Ray Partipilo 0-0: Ball
1-0: Ball
2-0: Ball
3-0: Called Strike
3-1: Swinging Strike
3-2: Base on Balls
Pitching: RHP Paul Prosser
Batting: LHB Victor Vargas 0-0: Called Strike
0-1: Foul Ball, location: 25F
0-2: Fielders Choice at 2nd, U6 (Groundball, 4MS, EV 86.3 MPH)
Batting: RHB Ethan Robinson 0-0: Ball
1-0: Called Strike
1-1: Ball
2-1: SINGLE (Line Drive, 34, EV 96.9 MPH)
Victor Vargas to second
Runner from 2nd tries for 3rd, SAFE, throw by RF made to third
Batting: LHB Jamie Heath 0-0: Fly out, F6 (Line Drive, 56, EV 60.6 MPH)
Bottom of the 8th over - 0 runs, 1 hit, 0 errors, 2 left on base; Lakeland 0 - St. Lucie 0
TOP OF THE 9TH
Lakeland Flying Tigers batting - Pitching for St. Lucie Mets : RHP Pete Nesby
Pitching: RHP Donovan Presley
Now at 3B: Bret Robertson
Batting: RHB Adam Anderson 0-0: Called Strike
0-1: Ball
1-1: Ball
2-1: Fly out, F8 (Flyball, 8LD, EV 106.3 MPH)
Batting: LHB Steve Diamond 0-0: Ball
1-0: Swinging Strike
1-1: Ball
2-1: Called Strike
2-2: Ball
3-2: SINGLE (Line Drive, 78S, EV 101.9 MPH)
Batting: LHB Bill Lawlor 0-0: Called Strike
0-1: Ball
1-1: Called Strike
1-2: Ball
2-2: Ball
3-2: Fly out, F7 (Flyball, 7, EV 83.8 MPH)
Batting: RHB Jason Ley 0-0: Fly out, F9 (Flyball, 89D, EV 104.4 MPH)
Top of the 9th over - 0 runs, 1 hit, 0 errors, 1 left on base; Lakeland 0 - St. Lucie 0
BOTTOM OF THE 9TH
St. Lucie Mets batting - Pitching for Lakeland Flying Tigers : RHP Paul Prosser
Batting: RHB Craig Dennison 0-0: Called Strike
0-1: Ground out 6-3 (Groundball, 6M, EV 84.4 MPH)
Batting: RHB Tony Galicia 0-0: Ball
1-0: Ball
2-0: Called Strike
2-1: Ball
3-1: Ground out 5-3 (Groundball, 56S, EV 83.8 MPH)
Batting: RHB John Pennell 0-0: Called Strike
0-1: Foul Ball, location: 9LDF
0-2: Ground out 6-3 (Groundball, 6, EV 86.9 MPH)
Bottom of the 9th over - 0 runs, 0 hits, 0 errors, 0 left on base; Lakeland 0 - St. Lucie 0
TOP OF THE 10TH
Lakeland Flying Tigers batting - Pitching for St. Lucie Mets : RHP Donovan Presley
Jason Ley starts the inning at 2nd base.
Pinch Hitting: SHB Christian Salazar 0-0: Ball
1-0: Called Strike
1-1: Called Strike
1-2: Foul Ball, location: 23FF
1-2: Ball
2-2: Strikes out looking
Batting: RHB Jay Burdis 0-0: Foul Ball, location: 2F
0-1: Called Strike
0-2: Strikes out swinging
Batting: LHB Alex Pacheco 0-0: Intentional Walk
Pinch Hitting: SHB Victor Costales 0-0: SINGLE (Line Drive, 78M, EV 105.0 MPH)
Jason Ley to third
Alex Pacheco to second
Runner from 3rd tries for Home, SAFE, throw by CF to home
Batting: LHB Ron Devers 0-0: Swinging Strike
0-1: Ball
1-1: Ball
Wild Pitch!
Alex Pacheco to third
Victor Costales to second
2-1: Called Strike
2-2: Ball
3-2: Ground out U3 (Groundball, 3, EV 89.4 MPH)
Top of the 10th over - 1 run, 1 hit, 0 errors, 2 left on base; Lakeland 1 - St. Lucie 0
BOTTOM OF THE 10TH
St. Lucie Mets batting - Pitching for Lakeland Flying Tigers : RHP Paul Prosser
John Pennell starts the inning at 2nd base.
Now at 3B: Nick Hartel
Now in RF: Ted Oetken
Batting: SHB Pat Allis 0-0: Called Strike
0-1: Sac Bunt to 3S - play at first, batter OUT! 3-1
John Pennell to third
Batting: LHB Bret Robertson 0-0: Swinging Strike
0-1: Foul Ball, location: 7LDF
0-2: Ball
1-2: Strikes out looking
Batting: RHB Ray Partipilo 0-0: Ball
1-0: DOUBLE (Flyball, 8RXD, EV 98.1 MPH)
John Pennell scores
Batting: LHB Victor Vargas 0-0: Intentional Walk
Batting: RHB Ethan Robinson 0-0: Called Strike
0-1: Ball
1-1: Foul Ball, location: 23FF
1-2: Strikes out swinging
Bottom of the 10th over - 1 run, 1 hit, 0 errors, 2 left on base; Lakeland 1 - St. Lucie 1
TOP OF THE 11TH
Lakeland Flying Tigers batting - Pitching for St. Lucie Mets : RHP Donovan Presley
Ron Devers starts the inning at 2nd base.
Pitching: LHP Mike Knoblock
Batting: RHB Adam Anderson 0-0: Ball
1-0: Fly out, F3 (Popup, 3L, EV 61.9 MPH)
Batting: LHB Steve Diamond 0-0: Intentional Walk
Pinch Hitting: RHB Alex Sanchez 0-0: Foul Ball, location: 2F
0-1: Foul Ball, location: 2F
0-2: Ball
1-2: Foul Ball, location: 3F
1-2: SINGLE (Groundball, 3D, EV 106.9 MPH) (infield hit)
Ron Devers to third
Steve Diamond to second
Batting: RHB Jason Ley 0-0: Called Strike
0-1: Foul Ball, location: 23F
0-2: Strikes out swinging
Batting: LHB Ted Oetken 0-0: Fly out, F7 (Line Drive, 78M, EV 96.9 MPH)
Top of the 11th over - 0 runs, 1 hit, 0 errors, 3 left on base; Lakeland 1 - St. Lucie 1
BOTTOM OF THE 11TH
St. Lucie Mets batting - Pitching for Lakeland Flying Tigers : RHP Paul Prosser
Ethan Robinson starts the inning at 2nd base.
Now at C: Greg Cullison
Batting: LHB Jamie Heath 0-0: Intentional Walk
Batting: RHB Craig Dennison 0-0: SINGLE (Line Drive, 7S, EV 111.3 MPH)
Ethan Robinson to third
Jamie Heath to second
Batting: RHB Tony Galicia 0-0: Called Strike
0-1: Swinging Strike
0-2: Ball
1-2: Ball
2-2: Strikes out swinging
Pitching: RHP Shane Chappell
Batting: RHB John Pennell 0-0: Ball
1-0: Foul Ball, location: 7LSF
1-1: Grounds into fielders choice 4-2 (Groundball, 4, EV 79.4 MPH)
Jamie Heath to third
Craig Dennison to second
Batting: SHB Pat Allis 0-0: Ball
1-0: Called Strike
1-1: Foul Ball, location: 3F
1-2: Ball
2-2: Foul Ball, location: 7LMF
2-2: Ball
3-2: Ground out U3 (Groundball, 34S, EV 90.6 MPH)
Bottom of the 11th over - 0 runs, 1 hit, 0 errors, 3 left on base; Lakeland 1 - St. Lucie 1
TOP OF THE 12TH
Lakeland Flying Tigers batting - Pitching for St. Lucie Mets : LHP Mike Knoblock
Ted Oetken starts the inning at 2nd base.
Batting: RHB Jay Burdis 0-0: Intentional Walk
Pinch Runner at 2nd Marshall Kersting:
Pinch Hitting: RHB Rich Armentrout 0-0: Swinging Strike
0-1: Ball
1-1: Ball
2-1: Swinging Strike
2-2: Strikes out swinging
Batting: RHB Nick Hartel 0-0: Hit by Pitch
Marshall Kersting to third
Jay Burdis to second
Batting: LHB Ron Devers 0-0: Foul Ball, location: 2F
0-1: Foul Ball, location: 3F
0-2: Strikes out swinging
Batting: RHB Adam Anderson 0-0: Ball
1-0: Ball
2-0: Called Strike
2-1: Called Strike
2-2: Ball
3-2: Strikes out looking
Top of the 12th over - 0 runs, 0 hits, 0 errors, 3 left on base; Lakeland 1 - St. Lucie 1
BOTTOM OF THE 12TH
St. Lucie Mets batting - Pitching for Lakeland Flying Tigers : RHP Shane Chappell
Pat Allis starts the inning at 2nd base.
Now at 2B: Pedro Gonzalez
Now in LF: Andrew Cassella
Now in RF: Jason Ley
Batting: LHB Bret Robertson 0-0: Ball
1-0: Ball
2-0: Ball
3-0: Base on Balls
Batting: RHB Ray Partipilo 0-0: Ball
1-0: Foul Ball, location: 2F
1-1: Ball
2-1: Ball
3-1: SINGLE (Groundball, 6M, EV 95.6 MPH) (infield hit)
Pat Allis to third
Bret Robertson to second
Batting: LHB Victor Vargas 0-0: Called Strike
0-1: Ball
1-1: SINGLE (Groundball, 34D, EV 100.0 MPH)
Pat Allis scores
Bottom of the 12th over - 1 run, 2 hits, 0 errors, 2 left on base; Lakeland 1 - St. Lucie 2
Tuesday, May 14th , 2024 - OOTP Baseball 24.11 Build 85